[Event "Fagernes GM Open Autumn 2024"]
[Site "Fagernes"]
[Date "2024.10.13"]
[Round "9.11"]
[White "Aizenberg, Benny"]
[Black "Oksendal, Martin"]
[Result "1-0"]
[ECO "B87"]
[WhiteElo "2423"]
[BlackElo "2271"]
[Annotator "TA"]
[PlyCount "70"]
[EventDate "2024.10.03"]
[EventType "swiss"]
[EventCountry "NOR"]
[SourceTitle "playchess.com"]
[Source "ChessBase"]
[SourceQuality "1"]
[TimeControl "40/6000:2400+30"]

1. e4 c5 2. Nf3 d6 3. d4 cxd4 4. Nxd4 Nf6 5. Nc3 a6 6. Bc4 e6 7. Bb3 b5 8. a3 Bb7 9. Be3 Nc6 10. f3 Be7 11. Qe2 {[%emt 0:00:00] The position is equal.} Rc8 12. O-O-O Qa5 (12... Ne5 $11 {is more appropriate.}) 13. Nxc6 $14 Bxc6 14. Kb1 O-O 15. h4 Bb7 (15... b4 $11 {remains equal.} 16. axb4 Qxb4) 16. Qe1 {[%emt 0:00:51][%cal Oc3d5] White is more active.} Qc7 17. g4 Nd7 18. g5 Nc5 19. h5 (19. Ba2 $14) 19... Nxb3 $11 20. cxb3 b4 21. axb4 d5 22. Rd4 (22. h6 $5 g6 $8 23. Rc1 $16 (23. exd5 Bxb4 24. Qe2 Bxc3 $11)) 22... a5 (22... dxe4 $11 23. h6 (23. fxe4 Rfd8 $11) (23. Nxe4 Qc2+ 24. Ka2 Bd5 $17) 23... Rfd8 (23... exf3 $2 24. hxg7 Qe5 25. gxf8=B $18)) 23. bxa5 $16 (23. exd5 $2 {too greedy.} axb4 24. h6 bxc3 $19) 23... e5 $2 {[%emt 0:04:04][%mdl 8192] Black cannot hold the game after this.} (23... Qxa5 $16 24. h6 (24. Ra4 Qd8 $18) 24... g6) 24. Nxd5 $18 Qc2+ 25. Ka2 exd4 $2 (25... Bd8) 26. Nxe7+ Kh8 27. Bxd4 (27. h6 $142 Rfd8 28. Qh4) 27... Rc4 28. Bxg7+ (28. h6 $142 Ra4+ 29. bxa4 Qxa4+ 30. Kb1 Qxd4 31. hxg7+ Qxg7 32. Nf5 Qxg5 33. Qc3+ f6 34. Qc7 Bxe4+ 35. fxe4) 28... Kxg7 29. h6+ Kh8 30. bxc4 {[%emt 0:00:00] aiming for Qb4.} Qxc4+ 31. Ka1 Re8 {[%emt 0:01:51] [#]} 32. Qd1 $1 {[%emt 0:04:53][%cal Og5g6] Hoping for g6!} Ra8 {[%emt 0:00:51] [#]} (32... Qc5 33. Nd5) 33. Kb1 $1 Bxe4+ 34. fxe4 Qxe4+ 35. Kc1 {[%emt 0:00:00] Re1 would kill now.} Qf4+ {[%emt 0:00:57] Weighted Error Value: White=0.11 (very precise) /Black=0.74.  Loses game:     	---       	Black=1      Mistake:       	White=1     	Black=4      Inaccurate:     	White=2     	Black=1      OK:         	White=7     	Black=8      Best:        	White=2     	---} 1-0

[Event "Fagernes GM Open Autumn 2024"]
[Site "Fagernes"]
[Date "2024.10.13"]
[Round "9.12"]
[White "Oye-Stromberg, Alexander"]
[Black "Hansen, Torbjorn Ringdal"]
[Result "0-1"]
[ECO "E11"]
[WhiteElo "2248"]
[BlackElo "2415"]
[Annotator "RC"]
[PlyCount "72"]
[EventDate "2024.10.03"]
[EventType "swiss"]
[EventCountry "NOR"]
[SourceTitle "playchess.com"]
[Source "ChessBase"]
[SourceQuality "1"]
[TimeControl "40/6000:2400+30"]

1. d4 Nf6 2. c4 e6 3. Nf3 Bb4+ 4. Nbd2 O-O 5. a3 Be7 6. e4 d6 7. Be2 c5 8. O-O cxd4 9. Nxd4 Nc6 10. Nxc6 bxc6 11. b4 a5 12. Bb2 axb4 13. axb4 Rb8 14. b5 cxb5 15. cxb5 Bd7 16. Rb1 Qa5 17. e5 dxe5 18. Bxe5 Rxb5 19. Bxb5 Bxb5 20. Re1 Rd8 21. Nb3 Qa8 22. Nd4 Be8 23. Qf3 Nd5 24. Qg3 Bf8 25. h4 h6 26. Rb3 Qa6 27. Reb1 f6 28. Rb8 Rxb8 29. Bxb8 e5 30. Nf5 Nf4 31. Qb3+ Bf7 32. Qb5 Qa8 33. Ne3 Qe4 34. Ba7 Ne2+ 35. Qxe2 Qxb1+ 36. Kh2 Qb7 0-1

[Event "Fagernes GM Open Autumn 2024"]
[Site "Fagernes"]
[Date "2024.10.13"]
[Round "9.13"]
[White "Krivenko, Dion"]
[Black "Kanyamarala, Tarun"]
[Result "1/2-1/2"]
[ECO "A00"]
[WhiteElo "2244"]
[BlackElo "2369"]
[Annotator "RC"]
[PlyCount "78"]
[EventDate "2024.10.03"]
[EventType "swiss"]
[EventCountry "NOR"]
[SourceTitle "playchess.com"]
[Source "ChessBase"]
[SourceQuality "1"]
[TimeControl "40/6000:2400+30"]

1. Nc3 c5 2. d4 cxd4 3. Qxd4 Nc6 4. Qd3 g6 5. e4 Bg7 6. Nf3 Nf6 7. Nd5 O-O 8. c3 d6 9. Be2 Nd7 10. O-O Nc5 11. Qe3 e6 12. Nb4 Nxb4 13. cxb4 Na4 14. Qa3 Bd7 15. Rd1 d5 16. exd5 exd5 17. b5 Qe8 18. Qxa4 Qxe2 19. Rxd5 Rad8 20. Bg5 Qxb2 21. Re1 f6 22. Bc1 Qc3 23. Bd2 Qc8 24. Rc1 Qa8 25. Rc7 Be6 26. Rxd8 Qxd8 27. Rxb7 Bd5 28. Rxa7 Bxf3 29. Bb4 Bd1 30. Rxg7+ Kxg7 31. Bxf8+ Kxf8 32. Qb4+ Qe7 33. Qc3 Ba4 34. b6 Bc6 35. h3 Qd6 36. a4 Qd1+ 37. Kh2 Qd6+ 38. Kg1 Qd1+ 39. Kh2 Qd6+ 1/2-1/2

[Event "Fagernes GM Open Autumn 2024"]
[Site "Fagernes"]
[Date "2024.10.13"]
[Round "9.14"]
[White "Sidhant, Mohapatra"]
[Black "Bhagat Kush"]
[Result "1/2-1/2"]
[ECO "E63"]
[WhiteElo "2369"]
[BlackElo "2245"]
[Annotator "RC"]
[PlyCount "29"]
[EventDate "2024.10.03"]
[EventType "swiss"]
[EventCountry "NOR"]
[SourceTitle "playchess.com"]
[Source "ChessBase"]
[SourceQuality "1"]
[TimeControl "40/6000:2400+30"]

1. d4 Nf6 2. c4 g6 3. g3 Bg7 4. Bg2 d6 5. Nf3 O-O 6. Nc3 Nc6 7. d5 Na5 8. b3 c5 9. Bb2 a6 10. O-O Rb8 11. Nd2 b5 12. Qc1 e5 13. dxe6 fxe6 14. Rd1 bxc4 15. bxc4 1/2-1/2

[Event "Fagernes GM Open Autumn 2024"]
[Site "Fagernes"]
[Date "2024.10.13"]
[Round "9.15"]
[White "Wallace, John Paul"]
[Black "Kanyamarala, Trisha"]
[Result "1-0"]
[ECO "E59"]
[WhiteElo "2373"]
[BlackElo "2160"]
[Annotator "RC"]
[PlyCount "89"]
[EventDate "2024.10.03"]
[EventType "swiss"]
[EventCountry "NOR"]
[SourceTitle "playchess.com"]
[Source "ChessBase"]
[SourceQuality "1"]
[TimeControl "40/6000:2400+30"]

1. d4 Nf6 2. c4 e6 3. Nc3 Bb4 4. e3 O-O 5. Bd3 d5 6. a3 Bxc3+ 7. bxc3 dxc4 8. Bxc4 c5 9. Nf3 Nc6 10. O-O b6 11. Re1 Bb7 12. e4 cxd4 13. cxd4 h6 14. Bb2 Na5 15. Bd3 Rc8 16. Rc1 Rxc1 17. Qxc1 Nd7 18. Qf4 Qb8 19. Qg4 Nf6 20. Qh4 Qd8 21. Re3 Nh7 22. Qg3 f5 23. d5 Nf6 24. dxe6 Bxe4 25. Bxe4 fxe4 26. Rxe4 Qe7 27. Re1 Nc4 28. Bc1 Nd6 29. Qe5 Rc8 30. Nd4 Rc5 31. Qf4 Rd5 32. h3 Rc5 33. a4 Nd5 34. Qg3 Rc3 35. Qe5 Rc5 36. Ba3 Nb4 37. Nf5 Nxf5 38. Qb8+ Kh7 39. Bxb4 Qc7 40. Qxc7 Rxc7 41. e7 Nxe7 42. Rxe7 Rc4 43. Bd6 Rxa4 44. Be5 Ra5 45. f4 1-0

[Event "Fagernes GM Open Autumn 2024"]
[Site "Fagernes"]
[Date "2024.10.13"]
[Round "9.16"]
[White "Gaikwad, Siddhant"]
[Black "Gudbrandsen, Gustav"]
[Result "1-0"]
[ECO "C11"]
[WhiteElo "2039"]
[BlackElo "2197"]
[Annotator "RC"]
[PlyCount "77"]
[EventDate "2024.10.03"]
[EventType "swiss"]
[EventCountry "NOR"]
[SourceTitle "playchess.com"]
[Source "ChessBase"]
[SourceQuality "1"]
[TimeControl "40/6000:2400+30"]

1. e4 e6 2. d4 d5 3. Nc3 Nf6 4. e5 Nfd7 5. f4 c5 6. Nf3 Nc6 7. Be3 a6 8. a3 cxd4 9. Nxd4 Nxd4 10. Bxd4 Bc5 11. Bxc5 Nxc5 12. Qd4 Nd7 13. O-O-O O-O 14. h4 b5 15. f5 Bb7 16. Bd3 Qc7 17. Rhe1 exf5 18. Bxf5 Nc5 19. Qg4 Rad8 20. h5 Rfe8 21. h6 g6 22. e6 Nxe6 23. Rxe6 Rxe6 24. Bxe6 fxe6 25. Qxe6+ Qf7 26. Qe5 Re8 27. Qd4 g5 28. Nxd5 Bxd5 29. Qxd5 Qxd5 30. Rxd5 Re6 31. Rxg5+ Kf8 32. Rf5+ Ke7 33. g4 Rxh6 34. Rh5 Rg6 35. Rxh7+ Kd6 36. g5 Rxg5 37. Rh6+ Kc5 38. b4+ Kc4 39. Rxa6 1-0

[Event "Fagernes GM Open Autumn 2024"]
[Site "Fagernes"]
[Date "2024.10.13"]
[Round "9.17"]
[White "Sherman, Raem"]
[Black "Southcott-Moyers, Indy"]
[Result "1-0"]
[ECO "B15"]
[WhiteElo "2390"]
[BlackElo "2143"]
[Annotator "RC"]
[PlyCount "91"]
[EventDate "2024.10.03"]
[EventType "swiss"]
[EventCountry "NOR"]
[SourceTitle "playchess.com"]
[Source "ChessBase"]
[SourceQuality "1"]
[TimeControl "40/6000:2400+30"]

1. e4 c6 2. d4 d5 3. Nd2 dxe4 4. Nxe4 Nf6 5. Nxf6+ exf6 6. c3 Bd6 7. Bd3 O-O 8. Ne2 Re8 9. Qc2 h5 10. O-O h4 11. Bf4 Na6 12. Qd2 Nc7 13. h3 Be6 14. c4 f5 15. Be3 g6 16. Rfd1 Be7 17. Nc3 Bf6 18. Be2 Rc8 19. Rac1 a6 20. d5 cxd5 21. cxd5 Bxc3 22. Rxc3 Nxd5 23. Rxc8 Qxc8 24. Bd4 Kh7 25. Bf3 f4 26. b3 Rd8 27. Ba1 Rd7 28. Qb2 Qg8 29. Rc1 Rd8 30. Be4 Kh6 31. Rd1 f5 32. Bf3 Qf7 33. Qe5 Kg5 34. Bb2 Kh6 35. Re1 Nc7 36. Qxf4+ g5 37. Qe5 Bd5 38. Rc1 Nb5 39. Bxd5 Rxd5 40. Qh8+ Qh7 41. Bg7+ Kg6 42. Qe8+ Kxg7 43. Qe7+ Kh6 44. Qe6+ Qg6 45. Qxd5 g4 46. Rc8 1-0

[Event "Fagernes GM Open Autumn 2024"]
[Site "Fagernes"]
[Date "2024.10.13"]
[Round "9.18"]
[White "Harish, Neeraj"]
[Black "Nagare Akhilesh"]
[Result "1-0"]
[ECO "B38"]
[WhiteElo "2024"]
[BlackElo "2245"]
[Annotator "RC"]
[PlyCount "99"]
[EventDate "2024.10.03"]
[EventType "swiss"]
[EventCountry "NOR"]
[SourceTitle "playchess.com"]
[Source "ChessBase"]
[SourceQuality "1"]
[TimeControl "40/6000:2400+30"]

1. e4 c5 2. Nf3 Nc6 3. d4 cxd4 4. Nxd4 g6 5. c4 Bg7 6. Be3 d6 7. Nc3 Nh6 8. f3 Qb6 9. Nf5 gxf5 10. Bxb6 axb6 11. Bd3 fxe4 12. Bxe4 O-O 13. O-O f5 14. Bd3 f4 15. Re1 Ra5 16. Nb5 Bxb2 17. Bxh7+ Kh8 18. Be4 Nf5 19. Qd2 Be5 20. Rad1 Be6 21. Bd3 Rf6 22. Qf2 Ne3 23. Qh4+ Kg8 24. Qg5+ Kf8 25. Bg6 Rxg6 26. Qxg6 Bxc4 27. Nc7 Nxd1 28. Rxd1 Rxa2 29. h4 Bf7 30. Qh6+ Kg8 31. Ne6 Ra8 32. Ng5 Nd8 33. Nxf7 Nxf7 34. Qg6+ Kf8 35. h5 Ra1 36. Rxa1 Bxa1 37. h6 b5 38. h7 Bg7 39. Qg4 e5 40. Qc8+ Ke7 41. Qxb7+ Kf6 42. Qxb5 Ng5 43. Qd3 Nf7 44. Kh2 Kg5 45. Kh3 Nh8 46. Qxd6 Ng6 47. Qe6 Kh6 48. Kg4 Kxh7 49. Qf5 Kh6 50. Qh5# 1-0

[Event "Fagernes GM Open Autumn 2024"]
[Site "Fagernes"]
[Date "2024.10.13"]
[Round "9.19"]
[White "Vijayakumar, Rishi"]
[Black "Skotheim, Andreas"]
[Result "1/2-1/2"]
[ECO "E15"]
[WhiteElo "2172"]
[BlackElo "2234"]
[Annotator "RC"]
[PlyCount "53"]
[EventDate "2024.10.03"]
[EventType "swiss"]
[EventCountry "NOR"]
[SourceTitle "playchess.com"]
[Source "ChessBase"]
[SourceQuality "1"]
[TimeControl "40/6000:2400+30"]

1. d4 Nf6 2. c4 e6 3. Nf3 b6 4. g3 Ba6 5. Qc2 c5 6. d5 exd5 7. cxd5 Bb7 8. Bg2 Nxd5 9. O-O Nc6 10. Rd1 Be7 11. Qf5 Nf6 12. e4 g6 13. Qf4 O-O 14. e5 Nh5 15. Qc4 Re8 16. Nc3 Na5 17. Qf1 Ng7 18. Nd5 Ne6 19. Nd2 Nd4 20. b4 cxb4 21. Bb2 Bxd5 22. Bxd5 Nac6 23. Nb3 Nxb3 24. axb3 Qc7 25. Qc4 Rf8 26. Rac1 Bc5 27. Qh4 1/2-1/2

[Event "Fagernes GM Open Autumn 2024"]
[Site "Fagernes"]
[Date "2024.10.13"]
[Round "9.20"]
[White "Welling, Gerard"]
[Black "Myagmarsuren, Evsuld"]
[Result "0-1"]
[ECO "A11"]
[WhiteElo "2206"]
[BlackElo "2171"]
[Annotator "RC"]
[PlyCount "84"]
[EventDate "2024.10.03"]
[EventType "swiss"]
[EventCountry "NOR"]
[SourceTitle "playchess.com"]
[Source "ChessBase"]
[SourceQuality "1"]
[TimeControl "40/6000:2400+30"]

1. Nf3 d5 2. c4 c6 3. e3 Nf6 4. Nc3 e6 5. b3 Nbd7 6. Bb2 Bd6 7. Be2 O-O 8. Qc2 Qe7 9. O-O b6 10. cxd5 exd5 11. Nd4 Bb7 12. Nf5 Qe5 13. Nxd6 Qxd6 14. Qf5 Qe6 15. Qf4 Rfe8 16. Rac1 Ne5 17. Qg3 Rad8 18. d4 Ned7 19. Bd3 Nb8 20. Rfe1 Ba6 21. Bb1 c5 22. Rcd1 Nc6 23. Ne2 c4 24. bxc4 Bxc4 25. Nf4 Qd6 26. f3 Qb4 27. Qf2 Qa4 28. Bc3 b5 29. Nd3 b4 30. Nc5 Qb5 31. Bb2 Nd7 32. Nxd7 Rxd7 33. e4 Rde7 34. e5 Qa5 35. Qc2 g6 36. f4 Qb6 37. Qf2 a5 38. f5 a4 39. f6 Re6 40. Qf4 Nxe5 41. Qh6 Nf3+ 42. Kf2 Re2+ 0-1

[Event "Fagernes GM Open Autumn 2024"]
[Site "Fagernes"]
[Date "2024.10.13"]
[Round "9.21"]
[White "Krishnan, Ritvik"]
[Black "Kaewpitakkun, Pantham"]
[Result "1-0"]
[ECO "B81"]
[WhiteElo "2206"]
[BlackElo "2023"]
[Annotator "RC"]
[PlyCount "55"]
[EventDate "2024.10.03"]
[EventType "swiss"]
[EventCountry "NOR"]
[SourceTitle "playchess.com"]
[Source "ChessBase"]
[SourceQuality "1"]
[TimeControl "40/6000:2400+30"]

1. e4 c5 2. Nf3 d6 3. d4 cxd4 4. Nxd4 Nf6 5. Nc3 a6 6. Be3 e6 7. g4 e5 8. Nf5 g6 9. g5 gxf5 10. exf5 d5 11. Qf3 d4 12. O-O-O Qc7 13. Rxd4 Qc6 14. Qxc6+ bxc6 15. Rc4 Nh5 16. Bg2 Bd7 17. Nd5 cxd5 18. Bxd5 Nc6 19. Rxc6 Rd8 20. Rd1 Nf4 21. Bxf4 exf4 22. Re1+ Be6 23. c4 Bb4 24. Re4 O-O 25. fxe6 fxe6 26. Rexe6 a5 27. Rh6+ Kh8 28. Rc7 1-0

[Event "Fagernes GM Open Autumn 2024"]
[Site "Fagernes"]
[Date "2024.10.13"]
[Round "9.22"]
[White "Advaitt Srikant Koduri"]
[Black "Westrum, Kim Roger Hansen"]
[Result "1-0"]
[ECO "A48"]
[WhiteElo "2162"]
[BlackElo "2205"]
[Annotator "RC"]
[PlyCount "119"]
[EventDate "2024.10.03"]
[EventType "swiss"]
[EventCountry "NOR"]
[SourceTitle "playchess.com"]
[Source "ChessBase"]
[SourceQuality "1"]
[TimeControl "40/6000:2400+30"]

1. d4 Nf6 2. Nf3 g6 3. Bf4 Bg7 4. e3 d6 5. h3 O-O 6. Be2 Nfd7 7. O-O e5 8. Bh2 Nc6 9. c4 f5 10. Nc3 e4 11. Nd2 Nf6 12. Rb1 g5 13. b4 Ne7 14. Qc2 Ng6 15. a4 Kh8 16. c5 d5 17. f3 Bh6 18. fxe4 fxe4 19. g4 Bg7 20. Rf2 Be6 21. Nf1 Nh4 22. Bg3 h5 23. Nh2 hxg4 24. hxg4 Qd7 25. Qd1 Ng8 26. Qe1 Rxf2 27. Bxf2 Bf6 28. Kh1 Nh6 29. Qg1 Rg8 30. Rf1 Bd8 31. Bg3 Kh7 32. Be5 Rg6 33. Qg3 Nf7 34. Kg1 Rh6 35. Nb5 a6 36. Nxc7 Nxe5 37. Nxe6 Rxe6 38. dxe5 Bc7 39. Qf2 Re7 40. Qf6 Rg7 41. b5 axb5 42. axb5 Qe7 43. Qxe7 Rxe7 44. e6 Kg7 45. Rd1 Rxe6 46. Rxd5 Kf6 47. b6 Bg3 48. Nf1 Be1 49. Nd2 Bxd2 50. Rxd2 Rc6 51. Rd5 Ng6 52. Rf5+ Ke6 53. Bc4+ Ke7 54. Rxg5 Nh4 55. Kf2 Nf3 56. Rf5 Nd2 57. Bb5 Rg6 58. Re5+ Kf6 59. Rd5 Nf3 60. Rd6+ 1-0

[Event "Fagernes GM Open Autumn 2024"]
[Site "Fagernes"]
[Date "2024.10.13"]
[Round "9.23"]
[White "Soham Datar"]
[Black "Gasland, Lukas Dominik"]
[Result "1-0"]
[ECO "D03"]
[WhiteElo "2188"]
[BlackElo "1905"]
[Annotator "RC"]
[PlyCount "71"]
[EventDate "2024.10.03"]
[EventType "swiss"]
[EventCountry "NOR"]
[SourceTitle "playchess.com"]
[Source "ChessBase"]
[SourceQuality "1"]
[TimeControl "40/6000:2400+30"]

1. Nf3 Nf6 2. d4 e6 3. Bg5 c5 4. e3 Nc6 5. Nbd2 d5 6. c3 Qb6 7. Qb3 c4 8. Qc2 Qa5 9. e4 dxe4 10. Bxf6 exf3 11. Bh4 b5 12. Nxf3 Bd6 13. Be2 O-O 14. Bg3 Qc7 15. a4 bxa4 16. Rxa4 Bb7 17. Rxc4 Qe7 18. Bxd6 Qxd6 19. O-O Rab8 20. Ng5 f5 21. Rc5 Rf6 22. Bc4 Rbf8 23. Re1 Nd8 24. f3 Rh6 25. g3 Kh8 26. f4 Rg6 27. Qe2 Rxg5 28. fxg5 f4 29. Qe5 Qb6 30. Rc7 Rg8 31. b4 fxg3 32. hxg3 Bd5 33. Bxd5 exd5 34. Rc8 Qg6 35. Qxd5 Qd3 36. Qe5 1-0

[Event "Fagernes GM Open Autumn 2024"]
[Site "Fagernes"]
[Date "2024.10.13"]
[Round "9.24"]
[White "Sian, Shadi"]
[Black "Kittilsen, Sigurd"]
[Result "1-0"]
[ECO "A37"]
[WhiteElo "2182"]
[BlackElo "1981"]
[Annotator "RC"]
[PlyCount "107"]
[EventDate "2024.10.03"]
[EventType "swiss"]
[EventCountry "NOR"]
[SourceTitle "playchess.com"]
[Source "ChessBase"]
[SourceQuality "1"]
[TimeControl "40/6000:2400+30"]

1. c4 c5 2. Nc3 Nc6 3. g3 g6 4. Bg2 Bg7 5. Nf3 d6 6. O-O e5 7. d3 Nge7 8. a3 O-O 9. Rb1 a5 10. Ne1 Be6 11. Nc2 d5 12. cxd5 Nxd5 13. Ne3 Nce7 14. Bd2 Rc8 15. Ncxd5 Nxd5 16. Nxd5 Bxd5 17. Bxa5 Qxa5 18. Bxd5 Rc7 19. Qb3 Rd8 20. Bc4 Rdd7 21. Rbc1 h5 22. h4 b6 23. Rc2 Kh7 24. Bb5 Re7 25. e4 Qa7 26. Bc4 Qa5 27. Bd5 Ra7 28. Rc4 Rec7 29. Qc2 Qa6 30. Rc3 Qa4 31. Qxa4 Rxa4 32. Rb3 Rd4 33. Rc1 Bh6 34. Rc4 Bd2 35. Rxd4 cxd4 36. Rxb6 Rc1+ 37. Kg2 Rc2 38. b3 Be1 39. Rf6 Rd2 40. Bc4 Rc2 41. Rxf7+ Kg8 42. Rf3+ Kg7 43. b4 Bd2 44. b5 Rb2 45. Rf7+ Kh6 46. a4 Be1 47. Kh3 Bxf2 48. Rxf2 Rxf2 49. b6 Rf6 50. a5 Rf2 51. b7 Rb2 52. a6 Kg7 53. a7 g5 54. hxg5 1-0

[Event "Fagernes GM Open Autumn 2024"]
[Site "Fagernes"]
[Date "2024.10.13"]
[Round "9.25"]
[White "Sieber, Fiona"]
[Black "Bjorkan, Olav"]
[Result "1/2-1/2"]
[ECO "E17"]
[WhiteElo "2264"]
[BlackElo "2022"]
[Annotator "RC"]
[PlyCount "45"]
[EventDate "2024.10.03"]
[EventType "swiss"]
[EventCountry "NOR"]
[SourceTitle "playchess.com"]
[Source "ChessBase"]
[SourceQuality "1"]
[TimeControl "40/6000:2400+30"]

1. c4 e6 2. Nf3 d5 3. g3 Nf6 4. Bg2 Be7 5. d4 O-O 6. O-O Nbd7 7. Nbd2 b6 8. b3 Bb7 9. Bb2 Ne4 10. Qc2 f5 11. Rfd1 c6 12. Ne5 Nxe5 13. dxe5 Qe8 14. Nxe4 fxe4 15. f3 Qh5 16. Rf1 Bc5+ 17. Kh1 exf3 18. exf3 Rad8 19. Rad1 Rd7 20. cxd5 cxd5 21. Qe2 Rdf7 22. Bd4 Rc7 23. Bb2 1/2-1/2

[Event "Fagernes GM Open Autumn 2024"]
[Site "Fagernes"]
[Date "2024.10.13"]
[Round "9.26"]
[White "Aamodt, Peder Marcus"]
[Black "Simonsen, David Mindestrommen"]
[Result "1-0"]
[ECO "B86"]
[WhiteElo "2126"]
[BlackElo "1930"]
[Annotator "RC"]
[PlyCount "59"]
[EventDate "2024.10.03"]
[EventType "swiss"]
[EventCountry "NOR"]
[SourceTitle "playchess.com"]
[Source "ChessBase"]
[SourceQuality "1"]
[TimeControl "40/6000:2400+30"]

1. e4 c5 2. Nf3 d6 3. d4 cxd4 4. Nxd4 Nf6 5. Nc3 a6 6. Bc4 e6 7. a4 Qc7 8. Qe2 Be7 9. O-O Nc6 10. Nxc6 bxc6 11. a5 d5 12. Bd3 Bb7 13. Bg5 Nxe4 14. Bxe7 Nxc3 15. Qg4 Kxe7 16. bxc3 c5 17. c4 d4 18. f4 Rag8 19. f5 e5 20. Rab1 f6 21. Rb6 h5 22. Qg6 Rh6 23. Re6+ Kd8 24. Qg3 h4 25. Qg4 h3 26. Rb1 Qxa5 27. Reb6 Bc8 28. Qe4 Qd2 29. Qd5+ Bd7 30. Qxg8+ 1-0

[Event "Fagernes GM Open Autumn 2024"]
[Site "Fagernes"]
[Date "2024.10.13"]
[Round "9.28"]
[White "Rustan, Elias Buschmann"]
[Black "Stromhaug, Kristoffer Wang"]
[Result "0-1"]
[ECO "C42"]
[WhiteElo "1941"]
[BlackElo "1960"]
[Annotator "RC"]
[PlyCount "106"]
[EventDate "2024.10.03"]
[EventType "swiss"]
[EventCountry "NOR"]
[SourceTitle "playchess.com"]
[Source "ChessBase"]
[SourceQuality "1"]
[TimeControl "40/6000:2400+30"]

1. e4 e5 2. Nf3 Nf6 3. Nxe5 d6 4. Nf3 Nxe4 5. d4 d5 6. Bd3 Nc6 7. O-O Be7 8. Nbd2 Bf5 9. Re1 Nxd2 10. Qxd2 Qd7 11. Bxf5 Qxf5 12. Qf4 Qxc2 13. Qxc7 O-O 14. Qxb7 Bb4 15. Rf1 Rab8 16. Qd7 Rfd8 17. Qg4 Qe4 18. Qxe4 dxe4 19. Ng5 f5 20. Ne6 Rd6 21. Bf4 Rxe6 22. Bxb8 Nxb8 23. Rac1 Bd6 24. Rc4 Kf7 25. b4 Nd7 26. b5 f4 27. Rc6 Ke7 28. a4 e3 29. a5 Nb8 30. Rc2 Bb4 31. fxe3 fxe3 32. Re2 Bxa5 33. Rd1 Kd6 34. Rd3 Bb6 35. Kf1 Rf6+ 36. Ke1 Ba5+ 37. Kd1 Bd2 38. Ra3 Rf7 39. Kc2 Rc7+ 40. Kd3 Kd5 41. g4 a6 42. bxa6 Nxa6 43. Rxe3 Bxe3 44. Ra5+ Nc5+ 45. Kxe3 Re7+ 46. Kf3 Kxd4 47. Ra1 Rf7+ 48. Kg2 Rb7 49. Rd1+ Ke5 50. Kg3 Ne4+ 51. Kh4 Rb3 52. Ra1 g5+ 53. Kh5 Rh3# 0-1

[Event "Fagernes GM Open Autumn 2024"]
[Site "Fagernes"]
[Date "2024.10.13"]
[Round "9.29"]
[White "Sorgjerd, Jan"]
[Black "Juodziukynas, Aidas"]
[Result "1/2-1/2"]
[ECO "E36"]
[WhiteElo "1966"]
[BlackElo "1917"]
[Annotator "RC"]
[PlyCount "48"]
[EventDate "2024.10.03"]
[EventType "swiss"]
[EventCountry "NOR"]
[SourceTitle "playchess.com"]
[Source "ChessBase"]
[SourceQuality "1"]
[TimeControl "40/6000:2400+30"]

1. d4 Nf6 2. c4 e6 3. Nc3 Bb4 4. Qc2 O-O 5. a3 Bxc3+ 6. Qxc3 d5 7. Bg5 Nbd7 8. e3 b6 9. cxd5 exd5 10. Bb5 Bb7 11. Bc6 Qc8 12. Bf4 Ne4 13. Qc2 Ndc5 14. Bb5 Ne6 15. Ne2 a6 16. Bd3 c5 17. O-O cxd4 18. exd4 Qxc2 19. Bxc2 Rac8 20. Bd3 Rc6 21. Be3 Nf6 22. h3 Rfc8 23. Rfc1 h6 24. Kf1 Kf8 1/2-1/2